 Dungeon Crawl Stone Soup version 0.23-a0-139-ga22e90c45f (webtiles) character file.

128 Napalmbreeze the Conjurer (level 4, -3/24 HPs)
             Began as a Deep Elf Conjurer on Aug 30, 2018.
             Slain by a two-headed ogre
             ... wielding a +0 giant club
              (26 damage)
             ... on level 3 of the Dungeon.
             The game lasted 00:06:39 (2540 turns).

Napalmbreeze the Conjurer (Deep Elf Conjurer)       Turns: 2540, Time: 00:06:42

Health: -3/24      AC:  2    Str:  5    XL:     4   Next: 86%
Magic:  8/12       EV: 13    Int: 21    God:
Gold:   122        SH:  0    Dex: 15    Spells: 6/12 levels left

rFire    . . .     SeeInvis .   i - staff of air
rCold    . . .     Gourm    .   (no shield)
rNeg     . . .     Faith    .   a - +0 robe
rPois    .         Spirit   .   (no helmet)
rElec    +         Reflect  .   (no cloak)
rCorr    .         Harm     .   (no gloves)
MR       .....     Rnd*Tele +   (no boots)
Stlth    ++........             (no amulet)
HPRegen  0.08/turn              d - ring of teleportation (curse)
MPRegen  0.13/turn              (no ring)

@: no status effects
A: no striking features
a: no special abilities


You were on level 3 of the Dungeon.
You were not hungry.

You visited 1 branch of the dungeon, and saw 3 of its levels.

You collected 122 gold pieces.

Inventory:

Armour
 a - a +0 robe (worn)
 j - a +0 pair of gloves
Magical Staves
 i - an uncursed staff of air (weapon)
Jewellery
 d - a cursed ring of teleportation (left hand)
Scrolls
 g - a scroll of teleportation
Potions
 e - 3 potions of heal wounds {unknown}
 f - a potion of mutation
 h - a potion of ambrosia {unknown}
Comestibles
 c - 7 rations


   Skills:
 - Level 2.4 Dodging
 - Level 2.4 Stealth
 + Level 4.6 Spellcasting
 * Level 6.2 Conjurations


You had 6 spell levels left.
You knew the following spells:

 Your Spells              Type           Power        Failure   Level  Hunger
a - Searing Ray           Conj           ####..       1%          2    #......
d - Dazzling Spray        Conj/Hex       ###...       10%         3    ##.....
s - Magic Dart            Conj           ####         1%          1    None

Your spell library contained the following spells:

 Spells                   Type           Power        Failure   Level  Hunger
 Iskenderun's Mystic Bla  Conj           ####....     9%          4    ####...
 Force Lance              Conj/Tloc      ###.....     30%         4    ####...
 Fulminant Prism          Conj/Hex       ###.......   30%         4    ####...


Dungeon Overview and Level Annotations

Branches:
Dungeon (3/15)

Altars:
Gozag


Message History

Confirm with . or Enter, or press ? or * to list all spells.
Aiming: Dazzling Spray (safe; 10% risk of failure)
Press: ? - help, Shift-Dir - straight line, f - two-headed ogre
Aim: a two-headed ogre, wielding two giant clubs The spray of energy hits the two-headed ogre.
The two-headed ogre is lightly wounded.
The two-headed ogre is dazzled.
The two-headed ogre closely misses you.
The two-headed ogre hits you with a giant club.
Casting: Dazzling Spray (safe; 10% risk of failure)
Confirm with . or Enter, or press ? or * to list all spells.
Aiming: Magic Dart (safe; 1% risk of failure)
Press: ? - help, Shift-Dir - straight line, f/p - two-headed ogre
Aim: a two-headed ogre, wielding two giant clubs (lightly wounded, blind)
The magic dart hits the two-headed ogre.
The two-headed ogre is moderately wounded.
An adder comes into view.
The two-headed ogre barely misses you.
The two-headed ogre hits you with a giant club!!
Ouch! That really hurt!
You die...

## .S #
.#.# ....
###..###.
#.Og.....
#@# #.#
#.# #..
###


You could see a two-headed ogre (blind), an adder (wandering) and a goblin.

Vanquished Creatures
  5 adders
  An ooze (D:3)
  3 worms
  2 dart slugs
  3 leopard geckos (D:1)
  An orc (D:3)
  A ball python (D:1)
  2 giant cockroaches
  11 goblins
  11 hobgoblins
  3 quokkas
  4 bats
  A frilled lizard (D:1)
  5 kobolds
  7 rats
60 creatures vanquished.

Notes
Turn   | Place    | Note
-------+----------+-------------------------------------------
     0 | D:1      | Napalmbreeze the Deep Elf Conjurer began the quest for the
                  | Orb.
     0 | D:1      | Reached XP level 1. HP: 10/10 MP: 6/6
   188 | D:1      | Reached XP level 2. HP: 15/15 MP: 5/8
   406 | D:1      | Reached skill level 5 in Conjurations
   466 | D:1      | Learned a level 2 spell: Searing Ray
   921 | D:2      | Found an opulent altar of Gozag.
   925 | D:1      | Reached XP level 3. HP: 12/19 MP: 5/10
  1304 | D:2      | Learned a level 3 spell: Dazzling Spray
  1324 | D:2      | Reached XP level 4. HP: 18/24 MP: 1/12
  2173 | D:3      | Reached skill level 6 in Conjurations
  2538 | D:3      | Noticed a two-headed ogre
  2540 | D:3      | Slain by a two-headed ogre

Vault maps used:
D:1:      ncdulo_halloftheorcs
D:2:      nicolae_gozag_cash_rules_everything_around_me
D:3:      first_ration

Skill      XL: |  1  2  3  4 |
---------------+-------------+-----
Conjurations   | 5 6 |  6.2
Spellcasting   | 4 |  4.6
Dodging        | |  2.4
Stealth        | |  2.4

Action                   |  1- 3 |  4- 6 || total
-------------------------+-------+-------++-------
Melee: Unarmed           |     2 |       ||     2
 Cast: Magic Dart        |    57 |    40 ||    97
       Searing Ray       |     7 |     8 ||    15
       Dazzling Spray    |       |     2 ||     2
  Use: Scroll            |     1 |     2 ||     3
  Eat: Chunk             |     1 |     4 ||     5
Armor: Robe              |     5 |     2 ||     7
Dodge: Dodged            |    11 |     5 ||    16

Table legend:
 A = Non-vault XP
 B = Vault XP
 C = Vault XP percentage of total XP
 D = Non-vault monster count
 E = Vault monster count
 F = Vault count percentage of total count
                 A         B        C        D         E       F
            +---------+---------+-------+---------+---------+-------
      Total |     183 |       0 |   0.0 |      60 |       0 |   0.0
            +---------+---------+-------+---------+---------+-------
        D:1 |      37 |       0 |   0.0 |      19 |       0 |   0.0
        D:2 |      86 |       0 |   0.0 |      25 |       0 |   0.0
        D:3 |      60 |       0 |   0.0 |      16 |       0 |   0.0
            +---------+---------+-------+---------+---------+-------
